AoeStats
← JamesRyan18769

African Clearing

510866001Analyzed
2v2 RM · 7h ago on Oct 2, 2026· 19m 53s· 4 players
Game mode
Random Map
Map size
Medium (4 player)
Population
200
Speed
Normal
Resources
Standard
Victory
Conquest
Starting age
Dark Age
Ending age
Imperial Age
RankedLock teamsTeams togetherTeam positionsShared explorationLock speedFull tech treeHidden civsTurbo modeCheats
Victory
Defeat
🇪🇸 Spanish · Spain
838
+17
🇪🇸 Mongols · Spain
813
+17
🇦🇹 Celts · Austria
809
-15
🇦🇹 Cumans · Austria
808
-15
JamesRyan18769
6:24 Loom
14:06 Feudal Age
14:36 Double-Bit Axe
17:30 Town Watch
Packelwudding
6:35 Loom
19:18 Feudal Age
20:02 Double-Bit Axe
20:58 Wheelbarrow
ferbalsan
4:30 Loom
12:22 Feudal Age
13:03 Double-Bit Axe
22:10 Castle Age
20:38 Bloodlines
Angel_bs10
11:17 Loom
15:40 Feudal Age
16:27 Double-Bit Axe
19:46 Castle Age
17:47 Horse Collar
Connection lost

Rejoining the realm…

Still unreachable

The connection could not be restored.

Session expired

The server has moved on; the page needs a fresh start.